 Dungeon Crawl Stone Soup version 0.17.1-3-g152610e (webtiles) character file.

39 Gargoyl the Skirmisher (level 3, -1/29 HPs)
             Began as a Demonspawn Abyssal Knight on Feb 29, 2016.
             Was a Follower of Lugonu.
             Slain by a gnoll
             ... wielding a +0 halberd
              (11 damage)
             ... on level 3 of the Dungeon.
             The game lasted 00:02:47 (1948 turns).

Gargoyl the Skirmisher (Demonspawn Abyssal Knight)  Turns: 1948, Time: 00:02:47

Health: -1/29      AC:  6    Str: 13    XL:     3   Next: 26%
Magic:  5/5        EV: 16    Int: 13    God:    Lugonu [*.....]
Gold:   21         SH:  0    Dex: 15    Spells: 0 memorised, 2 levels left

rFire  + + .     SeeInvis .     a - +1 hand axe
rCold  + + .     Clarity  .     f - +1 ring mail
rNeg   . . .     SustAt   .     (no shield)
rPois  +         Gourm    .     (no helmet)
rElec  +         Spirit   .     (no cloak)
rCorr  +         Warding  .     (no gloves)
rMut   .         Stasis   .     (no boots)
MR     .....                    (no amulet)
Stlth  ++........               j - -2 ring of dexterity (curse)
                                g - ring of protection from fire (curse)

@: agile, resistant, not resistant to hostile enchantments, unstealthy
A: cold resistance 1, deterioration 1, poison resistance, powered by pain 1,
slow regeneration 1
a: Depart the Abyss, Renounce Religion


You were on level 3 of the Dungeon.
You worshipped Lugonu.
Lugonu was aware of your devotion.
You were not hungry.

You visited 1 branch of the dungeon, and saw 3 of its levels.
You visited the Abyss 1 time.

You collected 21 gold pieces.

Inventory:

Hand Weapons
 a - a +1 hand axe (weapon)
Armour
 f - a +1 ring mail (worn)
Jewellery
 g - a cursed ring of protection from fire (left hand)
 j - a cursed -2 ring of dexterity (right hand)
Scrolls
 d - a scroll of teleportation
 e - 2 scrolls of identify
Comestibles
 c - a bread ration
 i - a beef jerky


   Skills:
 + Level 3.4 Fighting
 + Level 2.1 Axes
 + Level 2.1 Armour
 + Level 1.4 Dodging
 + Level 2.8 Invocations


You had 2 spell levels left.
You didn't know any spells.

Dungeon Overview and Level Annotations

Branches:
Dungeon (3/15)

Altars:
Ashenzari
Xom


Innate Abilities, Weirdness & Mutations

Your flesh is cold resistant.
You sometimes gain a little power by taking damage.
Your body sometimes deteriorates upon taking damage.
Your system is resistant to poisons.
You regenerate slowly when monsters are visible.


Message History

The gnoll is lightly wounded.
The gnoll misses you.
You barely miss the gnoll. The gnoll hits you with a halberd.
You barely miss the gnoll. The gnoll misses you.
Drink which item? (? for menu, Esc to quit)
It was a potion of resistance.
You feel protected.
Drink which item? (? for menu, Esc to quit)
It was a potion of mutation.
You feel extremely strange.
Your natural regeneration is weakened.
You feel yourself wasting away.
You feel resistant to poisons. The gnoll closely misses you.
You hit the gnoll but do no damage. The gnoll closely misses you.
You hit the gnoll.
The gnoll is lightly wounded.
The gnoll closely misses you.
You barely miss the gnoll.
The gnoll is lightly wounded.
The gnoll hits you with a halberd!
You die...

####+#
#....###+
#.......?
#........
#.g......
#@.......
##.......
.......
.......
.......
...####
#..# ..#


You could see a gnoll.

Vanquished Creatures
  An adder (D:2)
  An ooze (D:2)
  A giant gecko (D:2)
  A ball python (D:1)
  2 giant cockroaches (D:1)
  4 hobgoblins
  5 bats
  A giant newt (D:1)
  A goblin (D:1)
  3 jackals (D:1)
  A kobold (D:1)
  4 rats
25 creatures vanquished.

Notes
Turn   | Place    | Note
--------------------------------------------------------------
     0 | Abyss:1  | Gargoyl the Demonspawn Abyssal Knight began the quest for the Orb.
     0 | Abyss:1  | Reached XP level 1. HP: 18/18 MP: 2/2
   200 | Abyss:1  | Noticed a wretched star
   202 | D:1      | Escaped the Abyss
   202 | D:1      | Noticed a draconian zombie
   202 | D:1      | Noticed a vine stalker zombie
   203 | D:1      | Noticed a minotaur zombie
   210 | D:1      | Noticed a human zombie
   212 | D:1      | Noticed a spriggan zombie
   214 | D:1      | Noticed a vine stalker zombie
   216 | D:1      | Noticed a centaur zombie
   217 | D:1      | Noticed a human zombie
   220 | D:1      | Noticed a troll zombie
   220 | D:1      | Noticed a draconian zombie
   222 | D:1      | Noticed an elf zombie
   440 | D:1      | Reached * piety under Lugonu
   444 | D:1      | Found a shimmering altar of Xom.
   569 | D:1      | Gained mutation: Your flesh is cold resistant. [demonic ancestry]
   569 | D:1      | Reached XP level 2. HP: 22/24 MP: 3/3
  1137 | D:1      | Reached skill level 1 in Dodging
  1393 | D:2      | Gained mutation: You sometimes gain a little power by taking damage. [demonic ancestry]
  1393 | D:2      | Reached XP level 3. HP: 9/29 MP: 5/5
  1685 | D:2      | Found a shattered altar of Ashenzari.
  1945 | D:3      | Gained mutation: You regenerate slowly when monsters are visible. [potion of mutation]
  1945 | D:3      | Gained mutation: Your body sometimes deteriorates upon taking damage. [potion of mutation]
  1945 | D:3      | Gained mutation: Your system is resistant to poisons. [potion of mutation]
  1948 | D:3      | Slain by a gnoll

Action                   || total
-------------------------++-------
Melee: Hand axe          ||   100
Invok: Depart the Abyss  ||     1
  Use: Scroll            ||     3
       Potion            ||     2
  Eat: Bread ration      ||     1
